 Dungeon Crawl Stone Soup version 0.26-a0-812-g31a745ddcd (webtiles) character file.

Game seed: 15879907257309493940

5076 CypherZel the Transmogrifier (level 10, -3/86 HPs)
             Began as an Octopode Transmuter on Nov 16, 2020.
             Was a Priest of Cheibriados.
             Shot with an arrow by a centaur (4 damage)
             ... on level 9 of the Dungeon.
             The game lasted 01:11:55 (13781 turns).

CypherZel the Transmogrifier (Octopode Transmuter) Turns: 13781, Time: 01:11:56

Health: -3/86      AC:  7    Str: 23    XL:     10   Next: 56%
Magic:  20/20      EV: 11    Int: 26    God:    Cheibriados [***...]
Gold:   369        SH:  0    Dex: 22    Spells: 8/23 levels left

rFire    x . .     SeeInvis .     - Unarmed
rCold    + + +     Faith    .   (shield currently unavailable)
rNeg     . . .     Spirit   .   (helmet currently unavailable)
rPois    +         Reflect  .   g - amulet of magic regeneration
rElec    +         Harm     .   c - +6 ring of strength
rCorr    +         Rampage  .   k - ring of resist corrosion
MR       +....                  u - ring of protection from cold
Stlth    ++........             r - ring "Wujecuve" {+Fly rElec rC+}
HPRegen  0.24/turn              (no ring)
MPRegen  0.42/turn              (no ring)
                                (no ring)
                                (no ring)

@: ice-form, very slow
A: large, almost no armour, stealthy swim, amphibious, 8 rings, (constrict 8),
magic resistance 1, sense surroundings 2
a: End Transformation, Bend Time, Temporal Distortion, Renounce Religion, Evoke
Flight


You were on level 9 of the Dungeon.
You worshipped Cheibriados.
Cheibriados was most pleased with you.
You were a creature of crystalline ice.
You visited 2 branches of the dungeon, and saw 10 of its levels.

You collected 457 gold pieces.
You spent 88 gold pieces at shops.

Inventory:

Missiles
 a - 26 poisoned darts (quivered)
Jewellery
 c - a +6 ring of strength (left front paw)
 g - an amulet of magic regeneration (around neck)
 h - an uncursed ring of ice
 k - a ring of resist corrosion (right front paw)
 r - the ring "Wujecuve" (on tentacle) {+Fly rElec rC+}
   (You acquired it on level 8 of the Dungeon)

   [ring of flight]

   It protects you from cold.
   It insulates you from electricity.
   It lets you fly.
 u - a ring of protection from cold (on tentacle)
Wands
 m - a wand of flame (21)
Scrolls
 b - 3 scrolls of teleportation
 f - 2 scrolls of amnesia
 j - 3 scrolls of remove curse
 n - 3 scrolls of identify
 o - a scroll of enchant weapon
 s - a scroll of fear
 v - a scroll of blinking
Potions
 d - 2 potions of haste
 e - 2 potions of curing
 i - 2 potions of attraction
 l - a potion of degeneration
 p - a potion of mutation
 q - 2 potions of flight


   Skills:
 - Level 8.0 Fighting
 - Level 1.1 Throwing
 - Level 2.0 Dodging
 - Level 1.2 Stealth
 - Level 8.0 Unarmed Combat
 + Level 7.0 Spellcasting
 + Level 8.1 Transmutations


You had 8 spell levels left.
You knew the following spells:

 Your Spells              Type           Power        Failure   Level
a - Beastly Appendage     Tmut           ######       1%          1
b - Wereblood             Tmut           ######..     1%          2
c - Spider Form           Tmut/Pois      ####......   3%          3
d - Blade Hands           Tmut           ######....   6%          5
e - Ice Form              Ice/Tmut       ####....     12%         4

Your spell library contained the following spells:

 Spells                   Type           Power        Failure   Level
 Animate Skeleton         Necr           #.....       6%          1
 Pain                     Necr           #...         6%          1
 Vampiric Draining        Necr           #.........   19%         3
 Animate Dead             Necr           #.........   52%         4
 Agony                    Necr           #.......     86%         5


Dungeon Overview and Level Annotations

Branches:
Dungeon (9/15)             Temple (1/1) D:4
   Lair: D:8-11         Orc: D:9-12

Altars:
Ashenzari
Cheibriados
Dithmenos
Elyvilon
Fedhas
Gozag
Hepliaklqana
Kikubaaqudgha
Makhleb
Nemelex Xobeh
Okawaru
Qazlal
Ru
Sif Muna
Trog
Uskayaw
Vehumet
Wu Jian
Xom
Yredelemnul
Zin
The Shining One
Lugonu

Shops:
D:5 *}

Annotations:
D:5 exclusions: hound, iguana and 2 jellies
D:6 1 runed translucent door, Crazy Yiuf
D:7 exclusion: 2 downstairs


Innate Abilities, Weirdness & Mutations

You cannot wear most types of armour.
You are very stealthy in the water. (Stealth+)
You are amphibious.
You can wear up to eight rings at the same time.
((You can use your tentacles to constrict eight enemies at once.))
((Your skin changes colour to match your surroundings (Stealth+).))
((Your rubbery body absorbs attacks. (AC +1, EV +1)))
You are resistant to hostile enchantments. (MR+)
You passively map the area around you.
((You are resistant to electric shocks. (rElec)))


Message History

The arrow hits you.
You see here an arrow.
The centaur shoots an arrow.
The arrow barely misses you.
The centaur shoots an arrow.
The arrow closely misses you.
The centaur shoots an arrow.
The arrow barely misses you.
The centaur shoots an arrow.
The arrow hits you but does no damage.
The centaur shoots an arrow.
The arrow hits you!
* * * LOW HITPOINT WARNING * * *
You see here 2 arrows.
The centaur shoots an arrow.
The arrow hits you.
* * * LOW HITPOINT WARNING * * *
You see here an arrow.
You feel better.
The centaur shoots an arrow.
The arrow hits you!
* * * LOW HITPOINT WARNING * * *
The centaur shoots an arrow.
The arrow hits you!
* * * LOW HITPOINT WARNING * * *
The centaur shoots an arrow.
The arrow hits you!
* * * LOW HITPOINT WARNING * * *
The centaur shoots an arrow.
The arrow hits you.
You die...

#..........
#..(.......
,
#..(.......
, ,
#..(....c.(
,
#..(.......
,
#..........
, ,,
#.((.......
,
#.((.......
,,,
#.Y........
,
#.<........
,
#########..
** ..* * *
* ** ** ,,
, * , , , ,


You could see a centaur.

Vanquished Creatures
  Harold (D:8)
  A two-headed ogre (D:8)
  Maggie (D:6)
  Grinder (D:6)
  Edmund (D:5)
  An ice beast (D:8)
  3 sky beasts
  An eye of draining (D:6)
  A black bear (D:7)
  2 phantoms
  2 ogres
  3 centaurs
  Blork the orc (D:6)
  6 bullfrogs
  A water moccasin zombie (D:5)
  2 scorpions
  12 wights
  A howler monkey (D:8)
  2 centaur zombies (D:7)
  A quasit (D:6)
  7 orc wizards
  2 orc priests (D:8)
  2 hounds (D:7)
  Jessica (D:3)
  2 iguanas
  Terence (D:2)
  Ijyb (D:4)
  2 worker ants
  A hound zombie (D:6)
  4 hound skeletons
  4 gnolls (D:7)
  A howler monkey skeleton (D:8)
  7 adders
  A shadow imp (D:7)
  An ufetubus (D:8)
  An ooze (D:2)
  2 adder skeletons
  4 worms
  3 dart slugs
  4 leopard geckos
  30 orcs
  2 ball pythons
  6 bats
  8 giant cockroaches
  12 goblins
  6 hobgoblins
  3 jackals
  4 quokkas
  10 frilled lizards
  7 kobolds
  A leopard gecko skeleton (D:7)
  6 rats
  2 bushes (D:1)
192 creatures vanquished.

Vanquished Creatures (others)
  A demonic plant (Temple)
  4 plants (D:1)
  A withered plant (D:8)
6 creatures vanquished.

Grand Total: 198 creatures vanquished

Notes
Turn   | Place    | Note
-------+----------+-------------------------------------------
     0 | D:1      | CypherZel the Octopode Transmuter began the quest for the
                  | Orb.
     0 | D:1      | Reached XP level 1. HP: 13/13 MP: 3/3
   317 | D:1      | Reached XP level 2. HP: 19/19 MP: 5/5
   671 | D:1      | Reached XP level 3. HP: 25/25 MP: 4/6
  1594 | D:1      | Reached skill level 1 in Throwing
  1680 | D:2      | Reached skill level 1 in Stealth
  1774 | D:2      | Found a sparkling altar of Nemelex Xobeh.
  1794 | D:2      | Learned a level 2 spell: Wereblood
  1798 | D:2      | Learned a level 3 spell: Spider Form
  1958 | D:2      | Reached XP level 4. HP: 26/31 MP: 5/7
  2441 | D:2      | Noticed Terence
  2459 | D:2      | Killed Terence
  2509 | D:2      | Found an iron altar of Okawaru.
  3044 | D:3      | Reached XP level 5. HP: 34/36 MP: 5/9
  3503 | D:3      | Gained mutation: You are resistant to electric shocks.
                  | (rElec) [potion of mutation]
  3503 | D:3      | Gained mutation: You are resistant to hostile enchantments.
                  | (MR+) [potion of mutation]
  3503 | D:3      | Gained mutation: You passively map a small area around you.
                  | [potion of mutation]
  3503 | D:3      | Gained mutation: You passively map the area around you.
                  | [potion of mutation]
  3805 | D:3      | Noticed Jessica
  3808 | D:3      | Killed Jessica
  3973 | D:3      | Found a snail-covered altar of Cheibriados.
  3983 | D:3      | Became a worshipper of Cheibriados the Contemplative
  4388 | D:4      | Found a shimmering blue altar of Sif Muna.
  4440 | D:4      | Noticed a phantom
  4601 | D:4      | Reached XP level 6. HP: 26/42 MP: 8/11
  4624 | D:4      | Learned a level 5 spell: Blade Hands
  4725 | D:4      | Found a shimmering altar of Xom.
  5035 | D:5      | Entered Level 5 of the Dungeon
  5042 | D:5      | Found a radiant altar of Vehumet.
  5069 | D:5      | Noticed a phantom
  5242 | D:4      | Noticed Ijyb
  5359 | D:4      | Killed Ijyb
  5747 | D:4      | Found a staircase to the Ecumenical Temple.
  5769 | Temple   | Entered the Ecumenical Temple
  5957 | D:5      | Found Hodism's General Store.
  5982 | D:5      | Reached XP level 7. HP: 29/46 MP: 13/13
  6214 | D:5      | Bought a potion of curing for 33 gold pieces
  6214 | D:5      | Bought a potion of heal wounds for 55 gold pieces
  6643 | D:5      | Reached skill level 5 in Transmutations
  6654 | D:5      | Reached * piety under Cheibriados
  6818 | D:5      | Reached skill level 5 in Spellcasting
  7087 | D:5      | Found Alimp's Gadget Boutique.
  7100 | D:5      | Noticed Edmund
  7356 | D:5      | Reached XP level 8. HP: 41/52 MP: 14/16
  8145 | D:6      | Found a hazy altar of Hepliaklqana.
  8251 | D:6      | Found a runed translucent door.
  8252 | D:6      | Noticed Crazy Yiuf
  8717 | D:6      | Reached ** piety under Cheibriados
  8717 | D:6      | Reached XP level 9. HP: 42/56 MP: 19/19
  9030 | D:6      | Noticed Grinder
  9035 | D:6      | Killed Grinder
  9041 | D:6      | Learned a level 4 spell: Ice Form
  9041 | D:6      | Found a glowing golden altar of the Shining One.
  9359 | D:6      | Found a bloodstained altar of Trog.
  9510 | D:6      | Noticed Blork the orc
  9521 | D:6      | Killed Blork the orc
  9758 | D:6      | Noticed Maggie
  9762 | D:6      | Killed Maggie
  9957 | D:5      | Killed Edmund
 10358 | D:7      | Reached skill level 5 in Fighting
 10358 | D:7      | Reached skill level 5 in Unarmed Combat
 10813 | D:7      | Found a stormy altar of Qazlal.
 11261 | D:7      | Found an opulent altar of Gozag.
 11660 | D:7      | Reached *** piety under Cheibriados
 11745 | D:7      | Found an ornate altar of the Wu Jian Council.
 11893 | D:7      | Found a glowing silver altar of Zin.
 12057 | D:8      | Noticed a two-headed ogre
 12129 | D:8      | Reached XP level 10. HP: 54/68 MP: 20/20
 12588 | D:8      | Noticed Harold
 12607 | D:8      | Found a blossoming altar of Fedhas.
 12650 | D:8      | Killed Harold
 13196 | D:8      | Found an ancient bone altar of Kikubaaqudgha.
 13406 | D:8      | Killed a two-headed ogre
 13627 | D:8      | Identified a scroll of acquirement
 13627 | D:8      | Acquired the ring "Wujecuve" {+Fly rElec rC+}
 13781 | D:9      | HP: 1/86 [centaur/arrow (8)]
 13781 | D:9      | Shot with an arrow by a centaur

Illustrated notes

Levels and vault maps discovered:
D:1:      matt_arrival_refuge, layout_loops_ring, serial_forest,
          infiniplex_forest_end_double, infiniplex_forest_straight_4,
          infiniplex_forest_clump_long, infiniplex_forest_end_double,
          infiniplex_forest_clump_medium, infiniplex_forest_clump_small,
          infiniplex_forest_lined_room_2, infiniplex_forest_lined_4_way,
          amethyst_killhole, corexii_item_surrounded_by_moat
D:2:      layout_basic, okawaru_metal_pillars_1_2,
          nemelex_xobeh_ov_fountains_minmay, kennysheep_decorative_pillar,
          minmay_tromino_mix6, uniq_terence
D:3:      layout_basic, lemuel_round_altar, nrook_mini_vaults, uniq_jessica
D:4:      layout_rooms, lemuel_round_altar, tgw_sif, temple_hall, uniq_ijyb
D:5:      layout_gridville, kennysheep_mini, serial_shops, kennysheep_mini_moat,
          nicolae_shop_behind_doors, shop_fountains, uniq_edmund
D:6:      layout_basic, lightli_temple_of_fire, nicolae_overflow_crystal_walls,
          lemuel_doored_altar, minmay_chambers_of_fives,
          uniq_crazy_yiuf_cottage, uniq_blork_the_orc, uniq_grinder, uniq_maggie
D:7:      layout_loops_ring, lemuel_coloured_pillars_altar, marbit_many_paths,
          lemuel_crystal_altar, nicolae_gozag_seed_capital
D:8:      layout_basic, kiku_gazebo_garden_becter, fedhas_altar_1, uniq_harold
D:9:      layout_small_grid, uniq_erolcha, uniq_joseph, uniq_grum, uniq_pikel
Temple:   corrupted_temple

Skill      XL: |  1  2  3  4  5  6  7  8  9 10 |
---------------+-------------------------------+-----
Fighting       | 2 3 6 8 |  8.0
Throwing       | 1 |  1.1
Stealth        | 1 |  1.2
Transmutations | 3 4 6 7 8 |  8.1
Spellcasting   | 3 4 5 7 |  7.0
Unarmed Combat | 6 8 |  8.0
Dodging        | |  2.0

Action                   |  1- 3 |  4- 6 |  7- 9 | 10-12 || total
-------------------------+-------+-------+-------+-------++-------
Melee: Unarmed           |   372 |   105 |   252 |    39 ||   768
       Constrict         |    15 |    29 |    29 |     8 ||    81
       Kick              |     9 |    34 |    55 |       ||    98
       Tentacles         |    99 |    33 |    37 |    12 ||   181
       Punch             |    11 |     4 |     4 |     1 ||    20
Throw: Dart              |    23 |    50 |    32 |    10 ||   115
 Cast: Beastly Appendage |    17 |    31 |    26 |       ||    74
       Spider Form       |       |       |    23 |       ||    23
       Blade Hands       |       |       |     3 |     8 ||    11
       Wereblood         |       |       |     3 |     2 ||     5
       Ice Form          |       |       |       |     1 ||     1
 Abil: Evoke Flight      |       |       |       |     1 ||     1
Evoke: Wand              |       |       |    11 |     4 ||    15
  Use: Scroll            |     4 |    10 |     7 |     3 ||    24
       Potion            |       |     2 |     2 |     2 ||     6
 Stab: Sleeping          |     1 |       |     4 |       ||     5
Armor: Skin              |     3 |     6 |    10 |     2 ||    21
Dodge: Dodged            |    32 |    43 |   157 |    33 ||   265

Table legend: (Time is in decaauts)
 A = Elapsed time spent in this place.
 B = Non-inter-level travel time spent in this place.
 C = Inter-level travel time spent in this place.
 D = Time resting spent in this place.
 E = Time spent auto-exploring this place.
 F = Levels seen in this place.
 G = Mean time per level.
                   A        B        C        D        E       F      G
               +--------+--------+--------+--------+--------+-----+--------+
         Total |  15848 |  14782 |   1066 |   4506 |   6269 |  10 | 1584.8 |
       Dungeon |  15784 |  14718 |   1066 |   4506 |   6269 |   9 | 1753.8 |
        Temple |     64 |     64 |      0 |      0 |      0 |   1 |   64.0 |
               +--------+--------+--------+--------+--------+-----+--------+

Top non-repeatable levels by time:
     D:6: 2606 daAuts
     D:7: 2601 daAuts
     D:3: 2040 daAuts
     D:5: 2011 daAuts
     D:8: 1815 daAuts
     D:4: 1761 daAuts
     D:1: 1655 daAuts
     D:2: 1260 daAuts
  Temple: 64 daAuts
     D:9: 32 daAuts
